 Dungeon Crawl Stone Soup version 0.27.1-2-g3b301248ec (webtiles) character file.

Game seed: 13697037028460593582

381 Borgoz the Skirmisher (level 6, -3/40 HPs)
             Began as a Gargoyle Berserker on Sept 28, 2021.
             Was a Believer of Trog.
             Slain by Grinder (6 damage)
             ... on level 4 of the Dungeon.
             The game lasted 00:04:32 (4144 turns).

Borgoz the Skirmisher (Gargoyle Berserker)          Turns: 4144, Time: 00:04:32

Health: -3/40      AC: 20    Str: 27    XL:     6   Next: 75%
Magic:  6/6        EV:  8    Int: 14    God:    Trog [**....]
Gold:   236        SH:  0    Dex: 10    Spells: 5/5 levels left

rFire    . . .     SeeInvis .   b - +0 flail
rCold    . . .     Faith    .   (no shield)
rNeg     + . .     Spirit   .   n - +0 plate armour
rPois    ∞         Reflect  .   (no helmet)
rElec    +         Harm     .   i - +0 cloak
rCorr    .         Rampage  .   a - +2 pair of gloves
Will     ++...                  (no boots)
Stlth    ..........             (no amulet)
HPRegen  1.13/turn              j - +6 ring of intelligence
MPRegen  0.10/turn              m - +6 ring of strength

@: strong-willed, on berserk cooldown, very slightly contaminated, regenerating,
slowed, invisible, very slow
A: sickness immunity, AC +4, negative energy resistance 1, electricity
resistance, torment resistance 1, petrification resistance
a: Renounce Religion, Berserk, Trog's Hand


You were on level 4 of the Dungeon.
You worshipped Trog.
Trog was pleased with you.
You visited 1 branch of the dungeon, and saw 4 of its levels.

You collected 236 gold pieces.

Inventory:

Hand Weapons
 b - a +0 flail (weapon)
Armour
 a - a +2 pair of gloves (worn)
 e - the +3 robe of Dogma {rC+ MP+9 Str-5}
   (You found it on level 4 of the Dungeon)

   Str:       It affects your strength (-5).
   rC:        It protects you from cold.
   MP:        It affects your magic capacity (+9).
 i - a +0 cloak (worn)
 n - a +0 plate armour (worn)
Jewellery
 j - a +6 ring of intelligence (left hand)
 m - a +6 ring of strength (right hand)
Scrolls
 d - a scroll of magic mapping
 g - 2 scrolls of vulnerability {unknown}


   Skills:
 + Level 4.9 Fighting
 + Level 4.4 Maces & Flails
 + Level 4.2 Armour
 + Level 3.1 Dodging


You had 5 spell levels left.
You didn't know any spells.
Your spell library was empty.

Dungeon Overview and Level Annotations

Branches:
Dungeon (4/15)
 Temple: D:4-7

Altars:

Shops:
D:4 (

Annotations:
D:4 Grinder


Innate Abilities, Weirdness & Mutations

You are immune to sickness and miasma.
Your stone body is resilient. (AC +4)
You are immune to poison.
You resist negative energy. (rN+)
You are resistant to electric shocks. (rElec)
You are resistant to unholy torment.
You are immune to petrification.


Message History

The orc wizard hits you with a +0 dagger.
* * * LOW HITPOINT WARNING * * *
The orc barely misses you. x2; Grinder blinks!
The orc wizard mumbles some strange words.
The orc wizard flickers and vanishes!
Deactivating autopickup; reactivate with Ctrl-A.
The orc wizard barely misses you.
You hear some strange, mumbled words.
A puff of flame appears from out of thin air!
The puff of flame hits the orc.
You bump into the stone wall.
You feel less confused. The orc hits you but does no damage.
Grinder gestures at you. Pain shoots through your body!
* * * LOW HITPOINT WARNING * * *
Your skin crawls.
You feel strong-willed. The orc hits you with a +0 club.
* * * LOW HITPOINT WARNING * * *
The orc hits you but does no damage. Grinder barely misses you.
The orc throws a boomerang.
The boomerang hits Grinder.
Grinder gestures at you. You resist with almost no effort.
Your plate armour prevents you from hitting the orc.
The orc is severely wounded.
The orc throws a boomerang.
The boomerang hits Grinder.
The orc barely misses you. Grinder hits you but does no damage.
The orc hits you but does no damage.
You barely miss the orc.
The orc is severely wounded.
A magic dart appears from out of thin air!
The magic dart hits the orc!
The orc dies!
Grinder hits you.
* * * LOW HITPOINT WARNING * * *
You writhe in agony.
* * * LOW HITPOINT WARNING * * *
Grinder hits you.
You die...

.#.#.....#*,....#
...........,#...#
...........##...#
...........##...#
...........##..)#
................#
.............oo.#
...........#$[)5##
...............)@#
...........#######
...........#
...........#
##......^.##
###........###
...#...#.#...##
...##.##.##...#
......##..#...#


You could see Grinder, an orc wizard and an orc.

Vanquished Creatures
  An orc warrior (D:4)
  An ogre (D:3)
  A bullfrog skeleton (D:4)
  A hound (D:4)
  An orc wizard (D:3)
  4 adders
  4 worms
  7 orcs
  9 ball pythons
  4 endoplasms (D:1)
  2 giant cockroaches
  4 goblins
  9 hobgoblins
  4 kobolds
  3 quokkas (D:2)
  8 bats
  8 frilled lizards
  2 rats
73 creatures vanquished.

Vanquished Creatures (others)
  2 orcs (D:4)
  4 toadstools (D:1)
6 creatures vanquished.

Grand Total: 79 creatures vanquished

Notes
Turn   | Place    | Note
-------+----------+-------------------------------------------
     0 | D:1      | Borgoz the Gargoyle Berserker began the quest for the Orb.
     0 | D:1      | Reached XP level 1. HP: 14/14 MP: 1/1
   210 | D:1      | Reached XP level 2. HP: 19/19 MP: 2/2
  1109 | D:1      | Reached XP level 3. HP: 22/23 MP: 3/3
  1421 | D:2      | Reached ** piety under Trog
  1787 | D:2      | Reached XP level 4. HP: 15/29 MP: 4/4
  2034 | D:2      | Found a faded altar of an unknown god.
  2574 | D:3      | Noticed an ogre
  2582 | D:3      | Killed an ogre
  2583 | D:3      | Reached XP level 5. HP: 8/33 MP: 5/5
  3650 | D:4      | Reached XP level 6. HP: 39/39 MP: 6/6
  3688 | D:4      | Identified the +3 robe of Dogma {rC+ MP+9 Str-5}
  3709 | D:4      | Found Yntirhul's Weapon Boutique.
  3824 | D:4      | Noticed an orc warrior
  3841 | D:4      | Killed an orc warrior
  4095 | D:4      | Noticed Grinder
  4104 | D:4      | Paralysed by Grinder for 3 turns
  4112 | D:4      | Paralysed by Grinder for 3 turns
  4123 | D:4      | Paralysed by Grinder for 7 turns
  4134 | D:4      | Identified a scroll of acquirement
  4134 | D:4      | Acquired a +1 pair of boots of rampaging
  4144 | D:4      | Slain by Grinder

Illustrated notes

Levels and vault maps discovered:
D:1:      ldierk_walled_garden_2, layout_basic, minmay_misc_feat_room
D:2:      layout_basic, basic_ecumenical_altar
D:3:      layout_loops_ring
D:4:      layout_rooms, serial_shops, nicolae_shop_crystal, uniq_grinder

Skill      XL: |  1  2  3  4  5  6 |
---------------+-------------------+-----
Dodging        | 2 3 |  3.1
Armour         | 3 4 |  4.2
Fighting       | 4 |  4.9
Maces & Flails | 4 |  4.4

Action                   |  1- 3 |  4- 6 || total
-------------------------+-------+-------++-------
Melee: Mace              |   128 |    51 ||   179
       Flail             |       |    87 ||    87
Throw: Throwing net      |       |     1 ||     1
Invok: Berserk           |     1 |     4 ||     5
       Trog's Hand       |       |     2 ||     2
  Use: Potion            |       |     3 ||     3
       Scroll            |       |     2 ||     2
 Stab: Sleeping          |     3 |       ||     3
       Held in net/web   |       |     1 ||     1
Armor: Animal skin       |    81 |     2 ||    83
       Chain mail        |       |    68 ||    68
       Plate armour      |       |    49 ||    49
Dodge: Dodged            |   117 |    98 ||   215
